 Dungeon Crawl Stone Soup version 0.25.1-2-g60ff931 (webtiles) character file.

Game seed: 1969120016385657052

12834 Chrisjfl the Basher (level 11, 0/63 HPs)
             Began as a Tengu Gladiator on Sept 10, 2020.
             Was an Elder of Kikubaaqudgha.
             Slain by a spiny frog (16 damage)
             ... on level 1 of the Lair of Beasts.
             The game lasted 00:36:02 (11553 turns).

Chrisjfl the Basher (Tengu Gladiator)              Turns: 11553, Time: 00:36:03

Health: 0/63       AC: 12    Str: 16    XL:     11   Next: 99%
Magic:  13/13      EV: 18    Int:  9    God:    Kikubaaqudgha [****..]
Gold:   709        SH:  0    Dex: 17    Spells: 10/10 levels left

rFire    + . .     SeeInvis +   a - +0 dire flail
rCold    + + .     Gourm    .   (shield currently unavailable)
rNeg     + . .     Faith    .   N - +0 scale mail {rN+}
rPois    .         Spirit   .   c - +1 hat
rElec    .         Reflect  .   X - scarf {rC+ rF+}
rCorr    .         Harm     .   k - +2 pair of gloves
MR       .....                  (boots unavailable)
Stlth    +.........             B - amulet of regeneration
HPRegen  0.60/turn              z - ring of protection from cold
MPRegen  0.13/turn              P - ring of see invisible

@: flying quickly and evasively, quick
A: beak, talons 3, able to fly
a: Stop Flying, Receive Corpses, Renounce Religion


You were on level 1 of the Lair of Beasts.
You worshipped Kikubaaqudgha.
Kikubaaqudgha was greatly pleased with you.
You were very hungry.

You visited 3 branches of the dungeon, and saw 13 of its levels.

You collected 709 gold pieces.

Inventory:

Hand Weapons
 a - a +0 dire flail (weapon)
 b - a +0 hunting sling
 Q - a cursed +0 morningstar
 R - a +0 whip of pain
 T - a +2 mace of holy wrath
Missiles
 d - 2 throwing nets
 g - 6 boomerangs of dispersal
 l - 11 javelins
 n - 497 stones
 v - 25 poisoned darts (quivered)
 L - 46 sling bullets
Armour
 c - a +1 hat (worn)
 h - a +0 ring mail
 k - a +2 pair of gloves (worn)
 s - a +0 kite shield
 y - a +0 cloak
 E - a +0 scale mail
 M - a +2 robe of magic resistance
 N - a +0 scale mail of positive energy (worn)
 X - a scarf of resistance (worn)
Magical Staves
 F - an uncursed staff of wizardry
Jewellery
 z - a ring of protection from cold (left hand)
 B - an amulet of regeneration (around neck)
 P - a ring of see invisible (right hand)
Wands
 i - a wand of disintegration (7)
 m - a wand of paralysis (16)
 o - a wand of random effects (14)
 A - a wand of iceblast (2)
 O - a wand of digging (7)
Scrolls
 j - 3 scrolls of identify
 q - 3 scrolls of amnesia
 r - a scroll of enchant armour
 w - a scroll of teleportation
 x - 2 scrolls of remove curse
 C - a scroll of enchant weapon
 G - a scroll of acquirement {unknown}
 I - a scroll of fog
 J - 2 scrolls of magic mapping
 K - a scroll of immolation
 S - a scroll of blinking
Potions
 e - 2 potions of curing
 p - 3 potions of berserk rage
 t - 3 potions of mutation
 u - 2 potions of haste
 D - a potion of might
 H - a potion of invisibility
 U - a potion of resistance
 V - a potion of brilliance
 W - 2 potions of stabbing {unknown}
Comestibles
 f - 24 rations


   Skills:
 - Level 5.0 Fighting
 - Level 14.0 Maces & Flails
 - Level 2.0 Throwing
 - Level 9.0 Armour
 * Level 9.1 Dodging
 - Level 4.0 Stealth
 - Level 5.0 Necromancy
 - Level 2.0 Evocations


You had 10 spell levels left.
You didn't know any spells.
Your spell library contained the following spells:

 Spells                   Type           Power        Failure   Level  Hunger
 Animate Skeleton         Necr           N/A          16%         1    ##.....
 Pain                     Necr           #...         16%         1    ##.....
 Sublimation of Blood     Necr           #.........   22%         2    ###....
 Vampiric Draining        Necr           #.........   41%         3    ####...
 Foxfire                  Conj/Fire      #...         75%         1    ##.....
 Sting                    Tmut/Pois      #...         75%         1    ##.....
 Animate Dead             Necr           N/A          83%         4    #####..
 Dispel Undead            Necr           #.......     83%         4    #####..
 Poisonous Vapours        Pois/Air       #.....       87%         2    ###....
 Conjure Flame            Conj/Fire      #.......     98%         3    ####...
 Ignite Poison            Fire/Tmut/Pois #.......     98%         3    ####...
 Inner Flame              Hex/Fire       #.......     98%         3    ####...
 Mephitic Cloud           Conj/Pois/Air  #.......     98%         3    ####...
 Agony                    Necr           #.......     99%         5    ######.
 Olgreb's Toxic Radiance  Pois           #.......     100%        4    #####..
 Sticky Flame             Conj/Fire      #.......     100%        4    #####..
 Excruciating Wounds      Chrm/Necr      #.........   100%        5    ######.
 Fireball                 Conj/Fire      #.........   100%        5    ######.
 Death Channel            Necr           #.........   100%        6    #######


Dungeon Overview and Level Annotations

Branches:
Dungeon (11/15)            Temple (1/1) D:5            Lair (1/6) D:10
    Orc (0/2) D:11

Altars:
Ashenzari
Cheibriados
Dithmenos
Elyvilon
Fedhas
Gozag
Hepliaklqana
Kikubaaqudgha
Makhleb
Nemelex Xobeh
Okawaru
Qazlal
Ru
Sif Muna
Trog
Uskayaw
Vehumet
Wu Jian
Xom
Yredelemnul
Zin
The Shining One

Shops:
D:4 :

Annotations:
D:4 exclusion: door
D:9 3 runed translucent doors
Lair:1 1 runed translucent door, Noineeb's ghost, journeyman DrHu


Innate Abilities, Weirdness & Mutations

You have a beak for a mouth.
You have claws for feet.
You can fly continuously.


Message History

The spiny frog barely misses you.
You completely miss the spiny frog. Your kick misses the spiny frog.
You impale the spiny frog!! You claw the spiny frog.
You peck the spiny frog, but do no damage.
The spiny frog is heavily wounded.
You feel sick. The spiny frog stings you!
You sock the spiny frog!
You claw the spiny frog, but do no damage.
You peck the spiny frog, but do no damage.
The spiny frog is almost dead.
You feel sick. The spiny frog completely misses you.
The komodo dragon bites you!!
* * * LOW HITPOINT WARNING * * *
You feel sick.
Blink to where?
Press: ? - help, Dir - move target cursor, f - you
Okay, then.
You feel better. The spiny frog stings you!
You die...
Kikubaaqudgha rasps: "You have failed me!
Welcome... death!"

#..........# ####+.
#..........# ##.....
#..........# #.#....
#?.........# #.'....
#..........# #.#....
#..........# #.#....
#..........######....
#..lF....[.##$?.#....
#...@.......#.≈.#....
#.....(....##.W.#####
#P#.+#.###.##.W.# #
####.### ##.≈.# # #.#
##+######
##'########...#.#..
#........#...###...
#......†+...## #...
#.......#.#### #...


You could see a komodo dragon and a spiny frog.

Vanquished Creatures
  Erica (D:10)
  Urug (D:9)
  An unseen horror (D:10)
  2 black mambas (Lair:1)
  Psyche (D:8)
  A gargoyle (D:9)
  3 spiny frogs (Lair:1)
  A rime drake (Lair:1)
  A hornet (D:9)
  A hippogriff (D:5)
  A wyvern (D:10)
  A wraith (D:10)
  21 yaks
  Duvessa (D:5)
  5 water moccasins
  5 orc warriors
  4 sky beasts
  2 ice beasts
  2 black bears
  An eye of draining (D:9)
  4 ogres
  A centaur (D:9)
  3 crocodiles (Lair:1)
  Blork the orc (D:6)
  4 bullfrogs
  3 scorpions
  Dowan (D:5)
  4 killer bees (D:9)
  7 wights
  3 howler monkeys
  A bullfrog zombie (D:9)
  4 crimson imps
  5 hounds
  2 centaur skeletons
  8 jellies
  Crazy Yiuf (D:6)
  An iguana (D:9)
  2 orc priests
  7 orc wizards
  Ijyb (D:4)
  6 worker ants
  A killer bee zombie (D:10)
  A hound skeleton (D:7)
  A worker ant zombie (D:8)
  3 gnolls (D:6)
  12 adders
  A shadow imp (D:6)
  A white imp (D:4)
  7 oozes
  2 worms
  9 leopard geckos
  29 orcs
  2 ball pythons
  3 bats
  7 giant cockroaches
  17 goblins
  6 hobgoblins
  9 jackals
  2 quokkas
  7 frilled lizards
  6 kobolds
  A leopard gecko skeleton (D:6)
  A quokka skeleton (D:8)
  5 rats
258 creatures vanquished.

Vanquished Creatures (others)
  A fungus (Lair:1)
  A plant (Lair:1)
2 creatures vanquished.

Grand Total: 260 creatures vanquished

Notes
Turn   | Place    | Note
-------+----------+-------------------------------------------
     0 | D:1      | Chrisjfl the Tengu Gladiator began the quest for the Orb.
     0 | D:1      | Reached XP level 1. HP: 12/12 MP: 2/2
   243 | D:1      | Reached XP level 2. HP: 11/17 MP: 3/3
   390 | D:1      | Reached skill level 4 in Maces & Flails
   727 | D:1      | Reached XP level 3. HP: 21/21 MP: 4/4
  1015 | D:2      | Reached skill level 5 in Maces & Flails
  1043 | D:2      | Noticed an ogre
  1437 | D:2      | Reached XP level 4. HP: 26/26 MP: 5/5
  1627 | D:2      | Found a bloodstained altar of Trog.
  1628 | D:2      | Found a basalt altar of Yredelemnul.
  1646 | D:2      | Reached skill level 1 in Evocations
  1767 | D:2      | Killed an ogre
  1767 | D:2      | Reached skill level 6 in Maces & Flails
  1767 | D:2      | Reached skill level 1 in Armour
  1767 | D:2      | Gained mutation: You can fly continuously. [Tengu growth]
  1767 | D:2      | Reached XP level 5. HP: 30/30 MP: 6/6
  2064 | D:3      | Found a shimmering altar of Xom.
  2279 | D:3      | Noticed a sky beast
  2318 | D:3      | Killed a sky beast
  2318 | D:3      | Reached XP level 6. HP: 19/35 MP: 7/7
  2743 | D:3      | Reached skill level 7 in Maces & Flails
  3080 | D:4      | Found a shimmering blue altar of Sif Muna.
  3333 | D:4      | Found Wiafask's Book Shop.
  3555 | D:4      | Noticed Ijyb
  3657 | D:4      | Killed Ijyb
  3717 | D:4      | Reached XP level 7. HP: 16/40 MP: 8/8
  4510 | D:5      | Entered Level 5 of the Dungeon
  4533 | D:5      | Noticed a hippogriff
  4541 | D:5      | Killed a hippogriff
  4541 | D:5      | Reached skill level 8 in Maces & Flails
  4629 | D:5      | Reached skill level 5 in Dodging
  4734 | D:5      | Reached skill level 1 in Stealth
  4756 | D:5      | Reached XP level 8. HP: 43/44 MP: 9/9
  4778 | D:5      | Found a staircase to the Ecumenical Temple.
  4807 | Temple   | Entered the Ecumenical Temple
  4867 | Temple   | Became a worshipper of Kikubaaqudgha
  4990 | D:5      | Noticed Duvessa
  4990 | D:5      | Noticed Dowan
  5003 | D:5      | Killed Dowan
  5023 | D:5      | Killed Duvessa
  5398 | D:6      | Found a hide-covered altar of Uskayaw.
  5411 | D:6      | Noticed a +0 dagger
  5411 | D:6      | Noticed a +0 dagger
  5456 | D:6      | Noticed Blork the orc
  5465 | D:6      | Killed Blork the orc
  5661 | D:6      | Found an ornate altar of the Wu Jian Council.
  5957 | D:6      | Found a runed translucent door.
  5958 | D:6      | Noticed Crazy Yiuf
  5966 | D:6      | Killed Crazy Yiuf
  6067 | D:7      | Reached skill level 9 in Maces & Flails
  6358 | D:7      | Reached skill level 10 in Maces & Flails
  6368 | D:7      | Reached XP level 9. HP: 36/48 MP: 10/10
  6451 | D:7      | Found an opulent altar of Gozag.
  6503 | D:7      | Reached * piety under Kikubaaqudgha
  6503 | D:7      | Identified Kikubaaqudgha's Reference Book on Evil
                  | (Kikubaaqudgha gifted it to you on level 7 of the Dungeon)
  6503 | D:7      | Received a gift from Kikubaaqudgha
  6710 | D:7      | Found a hazy altar of Hepliaklqana.
  6960 | D:7      | Reached skill level 11 in Maces & Flails
  7166 | D:8      | Noticed Psyche
  7363 | D:8      | Reached skill level 12 in Maces & Flails
  7415 | D:7      | Reached ** piety under Kikubaaqudgha
  7524 | D:8      | Killed Psyche
  7535 | D:8      | Reached skill level 5 in Fighting
  7535 | D:8      | Reached XP level 10. HP: 46/59 MP: 12/12
  7551 | D:8      | Reached skill level 5 in Armour
  7684 | D:8      | Found a sparkling altar of Nemelex Xobeh.
  8049 | D:9      | Reached skill level 1 in Necromancy
  8186 | D:8      | Reached skill level 5 in Necromancy
  8607 | D:9      | Found a runed translucent gate.
  8608 | D:9      | Found a runed translucent gate.
  8608 | D:9      | Found a runed translucent gate.
  8610 | D:9      | Noticed a red ugly thing
  8610 | D:9      | Noticed a green ugly thing
  8611 | D:9      | Noticed a green very ugly thing
  8611 | D:9      | Noticed a glowing orange brain
  8612 | D:9      | Noticed a red ugly thing
  8612 | D:9      | Noticed a purple ugly thing
  8616 | D:9      | Noticed a red ugly thing
  8714 | D:9      | Reached *** piety under Kikubaaqudgha
  8714 | D:9      | Identified Kikubaaqudgha's Collected Works on Necromancy
                  | (Kikubaaqudgha gifted it to you on level 9 of the Dungeon)
  8714 | D:9      | Received a gift from Kikubaaqudgha
  8727 | D:9      | Noticed a gargoyle
  8740 | D:9      | Killed a gargoyle
  8912 | D:9      | Reached skill level 13 in Maces & Flails
  9151 | D:9      | Found a shadowy altar of Dithmenos.
  9151 | D:9      | Found an iron altar of Okawaru.
  9383 | D:10     | Entered Level 10 of the Dungeon
  9398 | D:10     | Reached XP level 11. HP: 53/63 MP: 13/13
  9568 | D:10     | Noticed Urug
  9604 | D:10     | Found the cursed +14 obsidian axe {vorpal, +Fly SInv
                  | *Curse}
  9677 | D:10     | Found a staircase to the Lair.
  9860 | D:10     | Reached skill level 14 in Maces & Flails
  9884 | D:10     | Noticed Erica
  9899 | D:10     | Killed Erica
 10224 | D:10     | Noticed an unseen horror
 10238 | D:10     | Killed an unseen horror
 10268 | D:9      | Killed Urug
 10539 | D:11     | Found a staircase to the Orcish Mines.
 10655 | D:11     | Noticed a manticore
 10657 | D:11     | Noticed a cyan ugly thing
 10817 | Lair:1   | Entered Level 1 of the Lair of Beasts
 10883 | Lair:1   | Reached **** piety under Kikubaaqudgha
 11405 | Lair:1   | Found a runed translucent door.
 11408 | Lair:1   | Noticed Noineeb's ghost (journeyman DrHu)
 11553 | Lair:1   | Slain by a spiny frog

Illustrated notes

Levels and vault maps discovered:
D:1:      dpeg_arrival_ternary, layout_basic
D:2:      layout_loops_ring, yredelemnul_altar_generic, old_standard_altar
D:3:      layout_rooms, xom_butterflies, minmay_goblin_outpost
D:4:      kennysheep_goblin_castle, layout_gridville, led_sif_book,
          first_ration, serial_shops, nicolae_shop_statue_plus,
          minmay_fire_ice_demons
D:5:      layout_loops_ring, minmay_temple_entry_junction,
          serial_park_tiny_pond, uniq_duvessa
D:6:      layout_cave_pools, kennysheep_mini, dancing_weapons_uskayaw,
          roderic_nine_men_s_morris, uniq_crazy_yiuf_cottage, uniq_blork_the_orc
D:7:      layout_gridville, overflow_temple_1_default, grunt_gozag_breadcrumbs
D:8:      layout_rooms, nemelex_xobeh_ov_fountains_minmay, uniq_psyche
D:9:      layout_cave_pods, gammafunk_temple_overflow_wave,
          ploomutoo_gammafunk_ghost_potion_laboratory,
          hangedman_little_slice_of_home
D:10:     layout_roguey, lair_entry_dummy, chequers_serial_rivers_micro_d,
          uniq_erica, uniq_urug
D:11:     layout_stronghold, david_orc_3, serial_bayou_pond_d, uniq_maurice
Temple:   nicolae_temple_x_marks_the_god
Lair:1:   layout_roguey, ebering_ghost_reflecting_pool,
          chequers_serial_rivers_small_a

Skill      XL: |  1  2  3  4  5  6  7  8  9 10 11 |
---------------+----------------------------------+-----
Maces & Flails | 4 5 6 7 8 10 12 13 14 | 14.0
Evocations     | 1 2 |  2.0
Armour         | 1 2 3 6 9 |  9.0
Dodging        | 5 6 9 |  9.1
Stealth        | 1 4 |  4.0
Fighting       | 5 |  5.0
Necromancy     | 5 |  5.0
Throwing       | |  2.0

Action                   |  1- 3 |  4- 6 |  7- 9 | 10-12 || total
-------------------------+-------+-------+-------+-------++-------
Melee: Flail             |    72 |   155 |   105 |       ||   332
       Kick              |    21 |    38 |    92 |   157 ||   308
       Peck              |     6 |    28 |    59 |    88 ||   181
       Dire flail        |       |       |   193 |   421 ||   614
 Fire: Hunting sling     |       |    12 |       |       ||    12
Throw: Dart              |       |       |    14 |    11 ||    25
       Javelin           |       |       |       |     9 ||     9
       Throwing net      |       |       |       |     1 ||     1
 Abil: Fly               |       |     1 |       |       ||     1
Evoke: Wand              |       |     2 |     7 |     3 ||    12
  Use: Potion            |       |     1 |     3 |     3 ||     7
       Scroll            |       |     2 |     5 |    17 ||    24
 Stab: Paralysed         |       |    11 |     3 |     5 ||    19
       Sleeping          |       |       |     1 |     4 ||     5
  Eat: Chunk             |     1 |     8 |    11 |    11 ||    31
Armor: Leather armour    |     2 |       |       |       ||     2
       Ring mail         |    30 |    47 |       |       ||    77
       Scale mail        |       |       |    78 |    68 ||   146
Dodge: Dodged            |    44 |   102 |   212 |   200 ||   558
